 Dungeon Crawl Stone Soup version 0.28-a0-1435-g82390b3a13 (webtiles) character file.

Game seed: 4064311437419899112

438 gimp the Slasher (level 6, -13/56 HPs)
             Began as a Minotaur Gladiator on Jan 9, 2022.
             Mangled by an ogre (22 damage)
             ... on level 5 of the Dungeon.
             The game lasted 00:06:05 (3545 turns).

gimp the Slasher (Minotaur Gladiator)               Turns: 3545, Time: 00:06:06

Health: -13/56     AC: 10    Str: 18    XL:     6   Next: 69%
Magic:  5/5        EV:  6    Int:  5    God:
Gold:   148        SH:  0    Dex: 14    Spells: 5/5 levels left

rFire   . . .      SeeInvis .   a - +0 long sword
rCold   + . .      Faith    .   (no shield)
rNeg    . . .      Spirit   .   p - +0 plate armour
rPois   .          Reflect  .   c - +0 hat
rElec   .          Harm     .   (no cloak)
rCorr   .          Rampage  .   (no gloves)
Will    .....                   (no boots)
Stlth   ..........              (no amulet)
HPRegen 0.18/turn               k - ring of protection from cold
MPRegen 0.09/turn               (no ring)

@: about to teleport
A: horns 2, retaliatory headbutt
a: no special abilities


You were on level 5 of the Dungeon.
You visited 1 branch of the dungeon, and saw 5 of its levels.

You collected 148 gold pieces.

Inventory:

Hand Weapons
 a - a +0 long sword (weapon)
Missiles
 d - 2 throwing nets (quivered)
Armour
 b - a +0 leather armour
 c - a +0 hat (worn)
 p - a +0 plate armour (worn)
Jewellery
 k - a ring of protection from cold (left hand)
 n - an amulet of faith
Scrolls
 i - a scroll of amnesia {unknown}
 l - a scroll of enchant armour {unknown}
 m - 2 scrolls of identify
 q - a scroll of magic mapping {unknown}
Potions
 e - a potion of attraction {unknown}
 f - 2 potions of curing {unknown}
 g - 2 potions of flight {unknown}
 j - a potion of brilliance {unknown}


   Skills:
 + Level 5.3 Fighting
 * Level 7.8 Long Blades
 - Level 2.0 Throwing
 - Level 3.2 Dodging


You had 5 spell levels left.
You didn't know any spells.
Your spell library contained the following spells:

 Spells                   Type           Power      Damage    Failure   Level
 Shock                    Conj/Air       0%         1d3       100%        1
 Swiftness                Air            0%         N/A       100%        3
 Airstrike                Air            0%         N/A       100%        4


Dungeon Overview and Level Annotations

Branches:
Dungeon (5/15)
 Temple: D:4-7

Altars:
Cheibriados
Dithmenos
Kikubaaqudgha
Yredelemnul

Annotations:
D:3 Sigmund


Innate Abilities, Weirdness & Mutations

You have a pair of horns on your head.
You reflexively headbutt those who attack you in melee.


Message History

Sorry, you're not good enough to have a special ability.
Unknown command.
Sorry, you're not good enough to have a special ability.
Unknown command.
As you read the scroll labelled CYHUNO KERAMA, it crumbles to dust.
You feel strangely unstable.
It was a scroll of teleportation.
You slash the ogre! Your headbutt misses the ogre.
The ogre is moderately wounded.
You slash the ogre! You headbutt the ogre!
The ogre is almost dead.
The ogre hits you with a +0 giant club!!
* * * LOW HITPOINT WARNING * * *
You take 18 damage, and have 13/56 hp.
MASSIVE DAMAGE!!
Your surroundings suddenly seem different.
Found five items.
Found a helmet.
You see here a scroll labelled AGHOIXT FONK.
A bullfrog skeleton is nearby!
m - 3 scrolls labelled AGHOIXT FONK (gained 1)
An ogre comes into view. It is wielding a +0 giant club.
The ogre barely misses you.
The bullfrog skeleton hits you but does no damage.
The bullfrog skeleton hits you but does no damage.
As you read the scroll labelled AGHOIXT FONK, it crumbles to dust.
It is a scroll of identify.
o - a potion of heal wounds The bullfrog skeleton barely misses you.
You furiously retaliate!
You headbutt the bullfrog skeleton.
You feel much better.
You regained 20 hp, and now have 35/56 hp.
You closely miss the ogre.
The ogre hits you with a +0 giant club!!
* * * LOW HITPOINT WARNING * * *
The bullfrog skeleton hits you but does no damage.
You take 26 damage, and have 9/56 hp.
MASSIVE DAMAGE!!
As you read the scroll of teleportation, it crumbles to dust.
You feel strangely unstable.
The bullfrog skeleton hits you but does no damage.
The ogre hits you with a +0 giant club!!
You die...

##.#.....#
...!
#.##+####
...### #..
#)...#
####
#....#
#.!..#
#...?#
#....#
#....#
#..@.#
##ZO####.#
##......#
#......#
#......#
#.....[#
.......#
##+###.#
.#


You could see an ogre and a bullfrog skeleton.

Vanquished Creatures
  A necrophage (D:4)
  A centaur (D:4)
  A lemure (D:4)
  3 orc priests (D:3)
  A hound (D:4)
  An orc wizard (D:4)
  A hound skeleton (D:2)
  2 adders
  A worm (D:2)
  A dart slug (D:2)
  12 orcs
  7 endoplasms
  5 giant cockroaches
  7 goblins
  9 hobgoblins
  7 jackals
  5 quokkas
  4 ball pythons
  2 bats
  A frilled lizard (D:2)
  7 kobolds
  11 rats
90 creatures vanquished.

Notes
Turn   | Place    | Note
-------+----------+-------------------------------------------
     0 | D:1      | gimp the Minotaur Gladiator began the quest for the Orb.
     0 | D:1      | Reached XP level 1. HP: 18/18 MP: 0/0
   108 | D:1      | Found a faded altar of an unknown god.
   318 | D:1      | Reached skill level 4 in Long Blades
   396 | D:1      | Reached XP level 2. HP: 25/25 MP: 1/1
   628 | D:1      | Reached XP level 3. HP: 26/31 MP: 2/2
   976 | D:2      | Reached skill level 5 in Long Blades
  1372 | D:2      | Reached XP level 4. HP: 34/38 MP: 3/3
  1849 | D:3      | Reached skill level 6 in Long Blades
  2055 | D:3      | Reached XP level 5. HP: 46/46 MP: 4/4
  2562 | D:3      | Noticed Sigmund
  2698 | D:4      | Noticed an orc warrior
  3114 | D:4      | Noticed a centaur
  3125 | D:4      | Killed a centaur
  3126 | D:4      | Reached skill level 7 in Long Blades
  3126 | D:4      | Reached XP level 6. HP: 27/55 MP: 5/5
  3131 | D:4      | Reached skill level 5 in Fighting
  3146 | D:4      | Found a shadowy altar of Dithmenos.
  3419 | D:4      | Found a basalt altar of Yredelemnul.
  3419 | D:4      | Found an ancient bone altar of Kikubaaqudgha.
  3419 | D:4      | Found a snail-covered altar of Cheibriados.
  3512 | D:5      | Entered Level 5 of the Dungeon
  3545 | D:5      | Mangled by an ogre

Illustrated notes

Levels and vault maps discovered:
D:1:      lordsloth_arrival_two_stooges, layout_basic,
          shapermc_ecumenical_altar_venn, grunt_decor_fettered
D:2:      layout_basic
D:3:      layout_basic, minmay_misc_feat_plants, minmay_misc_feat_rows,
          uniq_sigmund
D:4:      layout_layer_cave, grunt_temple_overflow_open, serial_shops,
          nicolae_shop_behind_doors, st_stairs_10, minmay_manual_moon,
          uniq_pikel
D:5:      layout_basic, serial_shops, shop,
          nicolae_shop_temple_entry_statues_fountains,
          nicolae_shop_bloodbath_and_beyond, kennysheep_generic_room_14,
          uniq_crazy_yiuf_cottage, uniq_ijyb

Skill      XL: |  1  2  3  4  5  6 |
---------------+-------------------+-----
Long Blades    | 4 5 6 7 |  7.8
Fighting       | 3 4 5 |  5.3
Throwing       | |  2.0
Dodging        | |  3.2

Action                   |  1- 3 |  4- 6 || total
-------------------------+-------+-------++-------
Melee: Long sword        |    90 |   109 ||   199
       Headbutt          |    11 |    20 ||    31
       Punch             |     2 |     1 ||     3
Throw: Throwing net      |       |     3 ||     3
  Use: Scroll            |       |     3 ||     3
       Potion            |       |     1 ||     1
 Stab: Sleeping          |     1 |     2 ||     3
Armor: Leather armour    |    18 |    18 ||    36
       Plate armour      |       |    14 ||    14
Dodge: Dodged            |    54 |    56 ||   110

Table legend: (Time is in decaauts)
 A = Elapsed time spent in this place.
 B = Non-inter-level travel time spent in this place.
 C = Inter-level travel time spent in this place.
 D = Time resting spent in this place.
 E = Time spent auto-exploring this place.
 F = Levels seen in this place.
 G = Mean time per level.
                   A        B        C        D        E       F      G
               +--------+--------+--------+--------+--------+-----+--------+
         Total |   3568 |   3488 |     80 |    269 |   2520 |   5 |  713.6 |
       Dungeon |   3568 |   3488 |     80 |    269 |   2520 |   5 |  713.6 |
               +--------+--------+--------+--------+--------+-----+--------+

Top non-repeatable levels by time:
     D:3: 1045 daAuts
     D:2: 950 daAuts
     D:1: 911 daAuts
     D:4: 628 daAuts
     D:5: 32 daAuts
